AoeStats
← APC

Arabia

509969806Analyzed
1v1 RM · 3d ago on Sep 28, 2026· 47m 40s· 2 players
Game mode
Random Map
Map size
Tiny (2 player)
Population
200
Speed
Normal
Resources
Standard
Victory
Conquest
Starting age
Dark Age
Ending age
Imperial Age
RankedLock teamsTeams togetherTeam positionsShared explorationLock speedFull tech treeHidden civsTurbo modeCheats
Victory
Defeat
🇮🇹 Franks · Italy
1041
+17
🇩🇪 Bohemians · Germany
1070
-17
APC
10:08 Feudal Age
10:33 Double-Bit Axe
16:54 Loom
19:52 Castle Age
20:12 Gold Mining
21:59 Wheelbarrow
22:00 Stone Mining
22:57 Gold Shaft Mining
22:43 Bow Saw
27:00 Hand Cart
27:30 Fletching
31:55 Imperial Age
30:52 Bodkin Arrow
31:10 Padded Archer Armor
36:25 Forging
40:01 Iron Casting
39:27 Scale Mail Armor
40:57 Cavalier
47:06 Blast Furnace
46:21 Chain Mail Armor
46:12 Scale Barding Armor
45:53 Ordonnance Companies
Eugene
0:29 Loom
10:41 Feudal Age
11:27 Double-Bit Axe
18:11 Fletching
20:46 Castle Age
20:17 Horse Collar
21:01 Forging
22:41 Wheelbarrow
22:34 Pikeman
23:17 Scale Mail Armor
24:23 Bow Saw
26:29 Iron Casting
26:42 Fervor
27:18 Squires
29:33 Sanctity
32:56 Imperial Age
32:02 Heavy Plow
35:00 Chemistry
35:28 Two-Man Saw
35:08 Block Printing
40:45 Blast Furnace
39:55 Cavalier
40:42 Husbandry
40:50 Scale Barding Armor
43:35 Chain Barding Armor
Connection lost

Rejoining the realm…

Still unreachable

The connection could not be restored.

Session expired

The server has moved on; the page needs a fresh start.